 Dungeon Crawl Stone Soup version 0.28.0-53-g5a82cb258f (webtiles) character file.

Game seed: 7637048515495173447

1463 Peloso the Carver (level 8, -3/70 HPs)
             Began as a Minotaur Fighter on Aug 6, 2022.
             Was an Initiate of Okawaru.
             Killed from afar by Harold (34 damage)
             ... with a bolt of acid
             ... on level 7 of the Dungeon.
             The game lasted 00:09:06 (5314 turns).

Peloso the Carver (Minotaur Fighter)                Turns: 5314, Time: 00:09:07

Health: -3/70      AC: 10    Str: 18    XL:     8   Next: 48%
Magic:  0/0        EV:  5    Int:  5    God:    Okawaru [......]
Gold:   289        SH:  5    Dex: 12    Spells: 7/7 levels left

rFire   + + +      SeeInvis .   a - +6 long sword of Liydigg {freeze, rElec rF+++ MP-9 Str-3}
rCold   . . .      Faith    .   c - +0 buckler
rNeg    . . .      Spirit   +   h - +0 plate armour
rPois   .          Reflect  .   (helmet restricted)
rElec   +          Harm     .   (no cloak)
rCorr   .          Rampage  .   t - +0 pair of gloves
Will    .....                   (no boots)
Stlth   ..........              g - amulet of guardian spirit
HPRegen 0.21/turn               (no ring)
MPRegen 0.07/turn               (no ring)

@: marked, corroded
A: horns 2, retaliatory headbutt
a: Renounce Religion


You were on level 7 of the Dungeon.
You worshipped Okawaru.
Okawaru was noncommittal.
You visited 2 branches of the dungeon, and saw 8 of its levels.

You collected 311 gold pieces.
You spent 22 gold pieces at shops.

Inventory:

Hand Weapons
 a - the +6 long sword of Liydigg (weapon) {freeze, rElec rF+++ MP-9 Str-3}
   (You found it on level 4 of the Dungeon)

   It freezes those it strikes, dealing additional cold damage.
   It can also slow down cold-blooded creatures.
   Str:       It affects your strength (-3).
   rF:        It renders you almost immune to fire.
   rElec:     It insulates you from electricity.
   MP:        It affects your magic capacity (-9).
 b - a +0 long sword
Armour
 c - a +0 buckler (worn)
 h - a +0 plate armour (worn)
 t - a +0 pair of gloves (worn)
Jewellery
 f - a ring of fire
 g - an amulet of guardian spirit (around neck)
 n - an amulet of faith
 w - a +6 ring of intelligence
Wands
 l - a wand of charming (14)
 m - a wand of iceblast (10)
Scrolls
 i - a scroll of summoning
 j - a scroll of immolation
 k - 3 scrolls of holy word
 q - 2 scrolls of fog
 s - a scroll of blinking
 u - 2 scrolls of teleportation
 x - a scroll of identify
Potions
 d - 2 potions of might
 e - 3 potions of mutation
 p - a potion of ambrosia {unknown}
 r - a potion of attraction {unknown}
 v - a potion of haste {unknown}


   Skills:
 + Level 6.1 Fighting
 + Level 8.7 Long Blades
 + Level 7.8 Armour
 + Level 0.9 Dodging
 + Level 0.5 Stealth
 + Level 5.2 Shields


You had 7 spell levels left.
You didn't know any spells.
Your spell library contained the following spells:

 Spells                   Type           Power      Damage    Failure   Level
 Apportation              Tloc           0%         N/A       100%        1
 Beastly Appendage        Tmut           0%         N/A       100%        1
 Magic Dart               Conj           0%         1d3       100%        1
 Wereblood                Tmut           0%         N/A       100%        2
 Mephitic Cloud           Conj/Pois/Air  0%         N/A       100%        3
 Spider Form              Tmut/Pois      0%         N/A       100%        3
 Animate Skeleton         Necr           Unusable   N/A       N/A         1
 Summon Small Mammal      Summ           Unusable   N/A       N/A         1
 Call Imp                 Summ           Unusable   N/A       N/A         2

Dungeon Overview and Level Annotations

Branches:
Dungeon (7/15)             Temple (1/1) D:6

Altars:
Dithmenos
Elyvilon
Hepliaklqana
Nemelex Xobeh
Okawaru
Ru
Uskayaw
Vehumet
Wu Jian
Xom
Yredelemnul
Zin
The Shining One

Shops:
D:4 ??   D:6 :

Annotations:
D:7 Harold


Innate Abilities, Weirdness & Mutations

You have a pair of horns on your head.
You reflexively headbutt those who attack you in melee.


Message History

You struggle against the net.
Harold casts a spell at you. The mark upon you grows brighter.
You rip the net and break free!
Harold zaps a wand.
The bolt of acid hits you!! The acid corrodes you!
You slash Harold! You freeze Harold. You headbutt Harold, but do no damage.
Harold is lightly wounded.
Harold casts a spell at you. The mark upon you grows brighter.
You barely miss Harold.
Harold is lightly wounded.
You block Harold's attack.
You barely miss Harold.
Harold is lightly wounded.
Harold hits you with a +0 mace!
You slash Harold! You freeze Harold.
Harold is moderately wounded.
Harold zaps a wand.
The bolt of acid hits you!
You hit Harold. You freeze Harold. You headbutt Harold, but do no damage.
Harold is moderately wounded.
Harold hits you with a +0 mace!
* * * LOW HITPOINT WARNING * * *
You barely miss Harold.
Harold is moderately wounded.
Harold points at you and mumbles some strange words.
The mark upon you grows brighter.
Okay, then.
You hit Harold. You freeze Harold. Your headbutt misses Harold.
Harold is moderately wounded.
Harold drinks a potion.
Harold flickers and vanishes!
Deactivating autopickup; reactivate with Ctrl-A.
You hit something but do no damage. Something hits you!
* * * LOW HITPOINT WARNING * * *
It was a potion of heal wounds.
You feel much better. You block something's attack.
You slash something! You freeze something.
You hear a zap.
A bolt of acid appears from out of thin air!
The bolt of acid hits you!!
You die...

.. .....
..########..(..
#...........#
#...........#
#..?........#
#...........#
#$..........#
#..{@.<.....#
##+##+##+####


There were no monsters in sight!

Vanquished Creatures
  Sigmund (D:4)
  A water moccasin (D:3)
  Edmund (D:4)
  Duvessa (D:4)
  A black bear (D:6)
  2 ogres
  A centaur (D:4)
  A scorpion (D:5)
  Dowan (D:4)
  2 hounds
  A centaur zombie (D:6)
  A jelly (D:6)
  An orc priest (D:3)
  A bullfrog skeleton (D:5)
  2 iguanas
  Terence (D:2)
  2 orc wizards
  3 gnolls (D:3)
  9 adders
  2 worms (D:2)
  2 dart slugs
  23 orcs
  8 ball pythons
  6 endoplasms
  3 giant cockroaches
  7 goblins
  6 hobgoblins
  2 quokkas (D:1)
  7 bats
  6 frilled lizards
  5 kobolds
  6 rats
116 creatures vanquished.

Notes
Turn   | Place    | Note
-------+----------+-------------------------------------------
     0 | D:1      | Peloso the Minotaur Fighter began the quest for the Orb.
     0 | D:1      | Reached XP level 1. HP: 19/19 MP: 0/0
    73 | D:1      | Reached XP level 2. HP: 27/27 MP: 1/1
   512 | D:1      | Reached skill level 3 in Long Blades
   615 | D:1      | Reached XP level 3. HP: 30/32 MP: 2/2
   802 | D:2      | Noticed Terence
   835 | D:2      | Killed Terence
   836 | D:2      | Reached XP level 4. HP: 29/40 MP: 3/3
  1492 | D:3      | Reached skill level 4 in Long Blades
  1496 | D:3      | Reached XP level 5. HP: 34/47 MP: 2/4
  2244 | D:4      | Noticed a water moccasin
  2253 | D:3      | Killed a water moccasin
  2254 | D:3      | Reached skill level 5 in Long Blades
  2254 | D:3      | Reached skill level 5 in Armour
  2254 | D:3      | Reached XP level 6. HP: 27/55 MP: 5/5
  2488 | D:4      | Noticed Edmund
  2574 | D:4      | Killed Edmund
  2575 | D:4      | Reached skill level 5 in Fighting
  2575 | D:4      | Reached skill level 6 in Long Blades
  2576 | D:4      | Found Motrishry's Magic Scroll Emporium.
  2591 | D:4      | Reached XP level 7. HP: 39/61 MP: 4/6
  2774 | D:4      | Found a shadowy altar of Dithmenos.
  2870 | D:4      | Identified the +6 long sword of Liydigg {freeze, rElec
                  | rF+++ MP-9 Str-3}
  2934 | D:4      | Noticed Dowan
  2935 | D:4      | Noticed Duvessa
  2942 | D:4      | Killed Duvessa
  2945 | D:4      | Killed Dowan
  2948 | D:4      | Noticed Sigmund
  2973 | D:4      | Killed Sigmund
  2974 | D:4      | Reached skill level 7 in Long Blades
  3126 | D:4      | Found Eppopen's Magic Scroll Shop.
  3134 | D:4      | Bought a scroll of fog for 22 gold pieces
  3307 | D:5      | Entered Level 5 of the Dungeon
  3707 | D:5      | Reached XP level 8. HP: 30/70 MP: 0/7
  4328 | D:6      | Reached skill level 8 in Long Blades
  4487 | D:6      | Reached skill level 5 in Shields
  4652 | D:6      | Found Sinn's Book Boutique.
  4696 | D:6      | Found a staircase to the Ecumenical Temple.
  4702 | Temple   | Entered the Ecumenical Temple
  4805 | Temple   | Became a worshipper of Warmaster Okawaru
  5299 | D:7      | Noticed Harold
  5314 | D:7      | Killed from afar by Harold

Illustrated notes

Levels and vault maps discovered:
D:1:      minmay_arrival_arboretum_small, layout_basic, serial_curves,
          eino_curves_01, eino_curves_01, minmay_cut_off
D:2:      layout_basic, uniq_terence
D:3:      layout_loops_ring
D:4:      layout_cave_pools, nicolae_dithmenos_the_darkroom, serial_shops,
          shop_fountains, nicolae_square_shop, minmay_misc_feat_four_crosses,
          hangedman_decor_riveting, uniq_edmund, uniq_sigmund, uniq_duvessa
D:5:      layout_cave_pools
D:6:      layout_loops_ring, minmay_temple_entry_slanted, serial_shops,
          nicolae_shop_stone
D:7:      layout_gridville, uniq_harold
Temple:   kilobyte_greek_temple

Skill      XL: |  1  2  3  4  5  6  7  8 |
---------------+-------------------------+-----
Shields        | 4 5 |  5.2
Fighting       | 4 5 6 |  6.1
Armour         | 4 5 7 |  7.8
Long Blades    | 3 4 5 6 7 8 |  8.7
Dodging        | |  0.9
Stealth        | |  0.5

Action                   |  1- 3 |  4- 6 |  7- 9 || total
-------------------------+-------+-------+-------++-------
Melee: Long sword        |    77 |    97 |   123 ||   297
       Headbutt          |     8 |    24 |    19 ||    51
  Use: Scroll            |     3 |     3 |     3 ||     9
       Potion            |       |       |     1 ||     1
Armor: Scale mail        |    63 |     4 |       ||    67
       Plate armour      |       |    52 |    67 ||   119
Dodge: Dodged            |    50 |    29 |    19 ||    98
Block: Buckler           |    26 |    33 |    23 ||    82
